 Dungeon Crawl Stone Soup version 0.28.0-45-g0d030f2227 (webtiles) character file.

Game seed: 14592749225925472753

4 Descartes the Scratcher (level 1, 0/9 HPs)
             Began as a Felid Transmuter on Apr 20, 2022.
             Slain by a jackal (2 damage)
             ... on level 1 of the Dungeon.
             The game lasted 00:00:56 (62 turns).

Descartes the Scratcher (Felid Transmuter)            Turns: 62, Time: 00:00:56

Health: 0/9        AC:  1    Str:  6    XL:     1   Next: 58%
Magic:  4/4        EV: 17    Int: 14    God:
Gold:   11         SH:  0    Dex: 16    Spells: 3/4 levels left
                                        Lives:  0   Deaths: 0

rFire   . . .      SeeInvis +     - Unarmed
rCold   . . .      Faith    .   (shield unavailable)
rNeg    . . .      Spirit   .   (armour unavailable)
rPois   .          Reflect  .   (helmet unavailable)
rElec   .          Harm     .   (cloak unavailable)
rCorr   .          Rampage  .   (gloves unavailable)
Will    .....                   (boots unavailable)
Stlth   +.........              (no amulet)
HPRegen 0.03/turn               (no ring)
MPRegen 0.09/turn               (no ring)

@: quick
A: very small, claws 1, fangs 3, see invisible, speed 1, shaggy fur 1, stealthy
paws, no weapons or thrown items, no armour, multi-lived
a: no special abilities


You were on level 1 of the Dungeon.
You visited 1 branch of the dungeon, and saw 1 of its levels.

You collected 11 gold pieces.

Inventory:

Potions
 a - a potion of curing {unknown}


   Skills:
 - Level 1.0 Fighting
 + Level 2.9 Dodging
 + Level 3.1 Unarmed Combat
 - Level 2.0 Spellcasting
 + Level 2.3 Transmutations


You had 3 spell levels left.
You knew the following spells:

 Your Spells              Type           Power      Damage    Failure   Level
a - Beastly Appendage     Tmut           16%        N/A       9%          1

Your spell library contained the following spells:

 Spells                   Type           Power      Damage    Failure   Level
 Wereblood                Tmut           8%         N/A       14%         2
 Spider Form              Tmut/Pois      4%         N/A       41%         3
 Ice Form                 Ice/Tmut       4%         N/A       82%         4


Dungeon Overview and Level Annotations

Branches:
Dungeon (1/15)

Altars:


Innate Abilities, Weirdness & Mutations

You have sharp claws.
You have razor-sharp teeth.
You have supernaturally acute eyesight. (SInv)
You cover ground quickly. (Speed+)
You are covered in fur. (AC +1)
Your paws help you pounce on unaware monsters.
You are incapable of wielding weapons or throwing items.
You cannot wear armour.
You gain extra lives every three experience levels.


Message History

You barely miss the jackal.
The jackal is moderately wounded.
The jackal misses you. The jackal barely misses you. The jackal misses you.
You closely miss the jackal.
The jackal is moderately wounded.
The jackal barely misses you.
The jackal bites you but does no damage.
The jackal pauses to sniff the ground.
The jackal closely misses you.
You scratch the jackal but do no damage.
The jackal is moderately wounded.
The jackal closely misses you. The jackal bites you.
You closely miss the jackal.
The jackal is moderately wounded.
The jackal closely misses you. The jackal misses you. x2
You scratch the jackal but do no damage.
The jackal is moderately wounded.
The jackal closely misses you. The jackal misses you.
The jackal closely misses you.
You scratch the jackal.
You kill the jackal!
The jackal misses you.
You scratch the rat.
You kill the rat!
The jackal bites you.
You scratch the jackal.
The jackal is severely wounded.
The jackal barely misses you. The jackal misses you.
You completely miss the jackal.
The jackal is severely wounded.
The jackal barely misses you.
You scratch the jackal but do no damage.
The jackal is severely wounded.
The jackal closely misses you.
You scratch the jackal.
The jackal is almost dead.
The jackal bites you.
* * * LOW HITPOINT WARNING * * *
The jackal bites you.
You die...

#.............#.#.#.#
##.......##...#.#.#.#
#.>####.##.....#.#.#
.... ....#.....#.#.#
###. ##..........#.#
#..####...)........#
#................#.#####
#.8.⌠.8......).###......
......†@......## #######
..⌠._.h.####.##
........# ### ..8.⌠.8.#
........# .....####
#####


You could see a jackal.

Vanquished Creatures
  3 jackals (D:1)
  A rat (D:1)
4 creatures vanquished.

Notes
Turn   | Place    | Note
-------+----------+-------------------------------------------
     0 | D:1      | Descartes the Felid Transmuter began the quest for the Orb.
     0 | D:1      | Reached XP level 1. HP: 9/9 MP: 4/4
    40 | D:1      | Found a faded altar of an unknown god.
    62 | D:1      | Slain by a jackal

Illustrated notes

Levels and vault maps discovered:
D:1:      dpeg_arrival_line_fractal, layout_loops_ring,
          hellmonk_ecumenical_altar_dog_temple, minmay_split_cup_small

Action                   || total
-------------------------++-------
Melee: Unarmed           ||    18
Armor: Skin              ||     4
Dodge: Dodged            ||    27
